 Dungeon Crawl Stone Soup version 0.32-a0-933-ga8fa3634e4 (webtiles) character file.

Game seed: 9526623061932564101

56 GiantSquids the Apothecary (level 3, 0/21 HPs)
             Began as an Octopode Alchemist on Apr 15, 2024.
             Succumbed to a kobold's poison
             ... on level 2 of the Dungeon.
             The game lasted 00:03:46 (1147 turns).

GiantSquids the Apothecary (Octopode Alchemist)     Turns: 1147, Time: 00:03:47

Health: 0/21       AC:  1    Str:  7    XL:     3   Next: 95%
Magic:  4/6        EV: 12    Int: 19    God:
Gold:   121        SH:  0    Dex: 12    Spells: 6/7 levels left

rFire   . . .        (no weapon)
rCold   . . .        (no shield)
rNeg    . . .        (helmet restricted)
rPois   .            (no amulet)
rElec   .            (no ring)
rCorr   .            (no ring)
SInv    .            (no ring)
Will    .....        (no ring)
Stlth   +++          (no ring)
HPRegen 0.23/turn    (no ring)
MPRegen 0.10/turn    (no ring)
                     (no ring)

%: no passive effects
@: lethally poisoned (0 -> -7), attractive
A: almost no armour, amphibious, 8 rings, camouflage 1, gelatinous body 1,
(nimble swimmer 1), tentacles
a: no special abilities


You were on level 2 of the Dungeon.
You visited 1 branch of the dungeon, and saw 2 of its levels.

You collected 121 gold pieces.

Inventory:

Missiles
 e - 3 atropa-tipped darts
Scrolls
 b - 4 scrolls of identify {unknown}
 f - a scroll of blinking {unknown}
Potions
 a - a potion of magic
 d - a potion of resistance {unknown}


   Skills:
 - Level 2.0 Dodging
 + Level 3.7 Stealth
 + Level 2.5 Spellcasting
 - Level 1.0 Conjurations
 * Level 4.3 Alchemy


You had 6 spell levels left.
You knew the following spells:

 Your Spells              Type           Power      Damage    Failure   Level
a - Sting                 Conj/Alch      48%        1d6       5%          1

Your spell library contained the following spells:

 Spells                   Type           Power      Damage    Failure   Level
 Mercury Vapours          Alch/Air       20%        N/A       10%         2
 Mephitic Cloud           Conj/Alch/Air  9%         N/A       24%         3
 Olgreb's Toxic Radiance  Alch           18%        N/A       26%         4
 Sticky Flame             Fire/Alch      10%        2d5       54%         4


Dungeon Overview and Level Annotations

Branches:
Dungeon (2/15)

Altars:

Shops:
D:1 (   D:2 ?


Innate Abilities, Weirdness & Mutations

You cannot wear most types of armour.
You are amphibious.
You can wear up to eight rings at the same time.
Your skin changes colour to match your surroundings (Stealth+).
Your rubbery body absorbs attacks. (AC +1, EV +1)
((You are camouflaged when in or above water. (Stealth+)))
You have tentacles for arms and can constrict up to eight enemies at once.


Message History

You see here a hobgoblin corpse.
Found a book of the Senses.
Casting: Sting (safe; 5% risk of failure)
Confirm with . or Enter, or press ? or * to list all spells.
Aiming: Sting (safe; 5% risk of failure)
Press: ? - help, Shift-Dir - straight line, f - bat
Aim: a bat (wandering, hasn't noticed you, 57% to hit)
The sting hits the bat.
The bat is poisoned.
You kill the bat!
A kobold comes into view. It is wielding a +2 dagger of venom.
You see here a bat corpse.
Casting: Sting (safe; 5% risk of failure)
Confirm with . or Enter, or press ? or * to list all spells.
Aiming: Sting (safe; 5% risk of failure)
Press: ? - help, Shift-Dir - straight line, f - kobold
Aim: a kobold, wielding a +2 dagger of venom and quivering stones (64% to hit)
The sting misses the kobold.
The kobold hits you with a +2 dagger of venom.
You are poisoned.
You miss the kobold. Your grab misses the kobold.
You feel sick.
The kobold hits you with a +2 dagger of venom.
You are lethally poisoned!
You closely miss the kobold. You grab the kobold. You constrict the kobold.
You feel very sick.
The kobold hits you with a +2 dagger of venom.
* * * LOW HITPOINT WARNING * * *
You tentacle-slap the kobold but do no damage.
The kobold is severely wounded.
You constrict the kobold.
You kill the kobold!
* * * LOW HITPOINT WARNING * * *
You feel very sick.
Found The Oracle's Delphic Readings.
* * * LOW HITPOINT WARNING * * *
You feel sick.
Things that are here:
a +2 dagger of venom; a stone It was a potion of attraction.
You feel attractive to monsters.
You die...

##.....##.######## #
###.#######'#......#
#
#...........)......#
###......#.........#
#.##.#.#.........#
#.##.#†#.........#
#.##.#.#.........#
######
#.#############...
......
#.#ß....†@...:##.#
######
#.#.....ß.....# .#
#.#.[†###.#...+
#.#...# ⌠.#...#
#.'..ß# ∩⌠# ..#
###...#.⌠.# ..#
#...##### .# #.....
.# #ß......


There were no monsters in sight!

Vanquished Creatures
  An adder (D:2)
  3 dart slugs (D:1)
  3 endoplasms (D:2)
  2 giant cockroaches (D:2)
  6 goblins
  4 hobgoblins
  2 jackals (D:2)
  2 kobolds
  2 quokkas
  4 ball pythons
  2 bats
  3 frilled lizards
  A rat (D:1)
35 creatures vanquished.

Notes
Turn   | Place    | Note
-------+----------+-------------------------------------------
     0 | D:1      | GiantSquids the Octopode Alchemist began the quest for the
                  | Orb.
     0 | D:1      | Reached XP level 1. HP: 11/11 MP: 3/3
   164 | D:1      | Reached XP level 2. HP: 17/17 MP: 3/5
   210 | D:1      | Found a faded altar of an unknown god.
   412 | D:1      | Reached XP level 3. HP: 21/21 MP: 3/6
   449 | D:1      | Noticed a +0 demon whip
   450 | D:1      | Found Xikerchef's Weapon Emporium.
   452 | D:1      | Noticed a +0 demon whip
   765 | D:2      | Reached skill level 4 in Alchemy
  1146 | D:2      | Found The Oracle's Delphic Readings.
  1147 | D:2      | Succumbed to a kobold's poison

Illustrated notes

Levels and vault maps discovered:
D:1:      giann_forest_graveyard, layout_basic, serial_shops,
          nicolae_shop_mannequins, shapermc_ecumenical_altar_ellora
D:2:      layout_basic, nicolae_nh_oracle_at_delphi, uniq_jessica

Skill      XL: |  1  2  3 |
---------------+----------+-----
Stealth        | 3 |  3.7
Alchemy        | 4 |  4.3
Dodging        | |  2.0
Spellcasting   | |  2.5
Conjurations   | |  1.0

Action                     || total
---------------------------++-------
  Melee: Unarmed           ||    61
         Tentacles         ||    15
         Constrict         ||    14
         Punch             ||     1
   Cast: Sting             ||    26
    Use: Potion            ||     1
   Stab: Sleeping          ||     3
 Armour: Skin              ||    24
  Dodge: Dodged            ||    29

Table legend: (Time is in decaauts)
 A = Elapsed time spent in this place.
 B = Non-inter-level travel time spent in this place.
 C = Inter-level travel time spent in this place.
 D = Time resting spent in this place.
 E = Time spent auto-exploring this place.
 F = Levels seen in this place.
 G = Mean time per level.
                   A        B        C        D        E       F      G
               +--------+--------+--------+--------+--------+-----+--------+
         Total |   1146 |   1136 |     10 |      0 |    886 |   2 |  573.0 |
       Dungeon |   1146 |   1136 |     10 |      0 |    886 |   2 |  573.0 |
               +--------+--------+--------+--------+--------+-----+--------+

Top non-repeatable levels by time:
     D:1: 760 daAuts
     D:2: 386 daAuts
